 Dungeon Crawl Stone Soup version 0.30.0-15-g856e2d3f33 (webtiles) character file.

Game seed: 9927148382120706299

25 SnakkuSnakku7 the Cudgeller (level 2, -3/23 HPs)
             Began as a Mummy Reaver on May 18, 2023.
             Slain by Jessica
             ... wielding a +2 spectral club
              (6 damage)
             ... on level 2 of the Dungeon.
             The game lasted 00:01:17 (941 turns).

SnakkuSnakku7 the Cudgeller (Mummy Reaver)           Turns: 941, Time: 00:01:19

Health: -3/23      AC:  6    Str: 15    XL:     2   Next: 86%
Magic:  5/5        EV: 10    Int: 12    God:
Gold:   79         SH:  0    Dex: 10    Spells: 5/6 levels left

rFire   x . .        a - +0 mace
rCold   + . .        (no shield)
rNeg    + + +        c - +0 ring mail
rPois   ∞            g - +0 helmet
rElec   .            (no cloak)
rCorr   .            (no gloves)
SInv    .            (no boots)
Will    .....        (no amulet) Stlth
                     (no ring)
HPRegen 0.23/turn    (no ring)
MPRegen 0.09/turn

%: faith
@: no status effects
A: cold resistance 1, negative energy resistance 3, torment resistance 2, heat
vulnerability 1, no potions, faith
a: no special abilities


You were on level 2 of the Dungeon.
You visited 1 branch of the dungeon, and saw 2 of its levels.

You collected 79 gold pieces.

Inventory:

Hand Weapons
 a - a +0 mace (weapon)
Missiles
 e - 14 poisoned darts
Armour
 b - a +0 leather armour
 c - a +0 ring mail (worn)
 g - a +0 helmet (worn)
Wands
 h - a wand of roots (8)
Scrolls
 d - a scroll of vulnerability {unknown}
 f - a scroll of identify {unknown}


   Skills:
 - Level 2.5 Fighting
 + Level 2.9 Maces & Flails
 + Level 0.5 Throwing
 - Level 1.5 Dodging
 - Level 2.6 Spellcasting
 - Level 2.4 Conjurations


You had 5 spell levels left.
You knew the following spells:

 Your Spells              Type           Power      Damage    Failure   Level
a - Kiss of Death         Conj/Necr      16%        2d6       30%         1

Your spell library contained the following spells:

 Spells                   Type           Power      Damage    Failure   Level
 Momentum Strike          Conj/Tloc      8%         3d8       43%         2
 Blink                    Tloc           2%         N/A       58%         2
 Hailstorm                Conj/Ice       4%         3d4       67%         3
 Animate Dead             Necr           1%         N/A       99%         4
 Manifold Assault         Tloc           1%         N/A       99%         4
 Haunt                    Necr/Summ      0%         N/A       100%        7
 Infestation              Necr           0%         N/A       100%        8
 Storm Form               Tmut/Air       Unusable   N/A       N/A         7

Dungeon Overview and Level Annotations

Branches:
Dungeon (2/15)

Altars:

Annotations:
D:2 Jessica


Innate Abilities, Weirdness & Mutations

You are immune to poison.
Your flesh is cold resistant. (rC+)
You are immune to negative energy. (rN+++)
You are immune to unholy pain and torment.
You are vulnerable to heat. (rF-)
You do not drink.
You have a special connection with the divine. (Faith)


Message History

You now have 79 gold pieces (gained 7).
An endoplasm comes into view.
The endoplasm quivers.
An endoplasm is nearby!
An endoplasm is nearby!
Jessica the Apprentice Sorceress comes into view.
She is wielding a +2 spectral club.
Jessica shouts!
Jessica casts a spell.
Jessica seems to speed up.
A ball python comes into view.
Found a scroll labelled FUNEBB NENATU.
An adder comes into view.
The adder hisses angrily.
The endoplasm hits you.
You hit the endoplasm but do no damage. The endoplasm freezes you.
You are frozen.
You resist. Jessica attacks as you move away!
Jessica hits you but does no damage. Jessica closely misses you.
The +2 spectral club hits you.
A +2 spectral club comes into view.
Jessica attacks as you move away! Jessica barely misses you.
The +2 spectral club hits you but does no damage.
The +2 spectral club hits you.
The +2 spectral club disappears.
Jessica attacks as you move away! Jessica closely misses you.
Jessica hits you with a +2 spectral club.
You barely miss Jessica. Jessica hits you but does no damage.
Jessica barely misses you.
You closely miss Jessica.
Jessica hits you with a +2 spectral club. x2
You closely miss Jessica.
Jessica hits you with a +2 spectral club.
Jessica completely misses you.
You barely miss Jessica.
Jessica hits you with a +2 spectral club.
* * * LOW HITPOINT WARNING * * *
You hit Jessica.
Jessica is heavily wounded.
Jessica hits you with a +2 spectral club.
You die...

..# ########.#
#.# #........#
#.# #.########
#.# #.######..
#.# #......#.#
#.# ######.#.#
#.# #.#.# #.#
#.#.# #.#
#.#@# #.#
#.#@# #.#
#.#S# #.#
#.#S# ..#
####.#J####
###
#.........#
.....##S#....#
#### #.#....#
#.........


You could see an adder, Jessica (fast), an endoplasm and a ball python.

Vanquished Creatures
  A dart slug (D:1)
  An endoplasm (D:2)
  A giant cockroach (D:1)
  4 hobgoblins (D:1)
  5 kobolds
  2 ball pythons (D:1)
  6 bats (D:1)
  2 goblins (D:1)
  A rat (D:1)
23 creatures vanquished.

Notes
Turn   | Place    | Note
-------+----------+-------------------------------------------
     0 | D:1      | SnakkuSnakku7 the Mummy Reaver began the quest for the Orb.
     0 | D:1      | Reached XP level 1. HP: 16/16 MP: 4/4
   122 | D:1      | Reached XP level 2. HP: 22/23 MP: 5/5
   927 | D:2      | Noticed Jessica
   941 | D:2      | Slain by Jessica

Illustrated notes

Levels and vault maps discovered:
D:1:      dpeg_arrival_arbitrary_c, layout_loops_cross
D:2:      layout_loops_ring, shapermc_ecumenical_altar_pompeii,
          hangedman_feature_mirror, uniq_jessica

Action                     || total
---------------------------++-------
  Melee: Mace              ||    69
 Armour: Ring mail         ||    37
         Leather armour    ||     2
  Dodge: Dodged            ||    34
